 Dungeon Crawl Stone Soup version 0.19.1-1-g22dce08 (webtiles) character file.

6747 Miant the Fighter (level 10, -1/101 HPs)
             Began as a Mottled Draconian Berserker on Dec 28, 2016.
             Was an Elder of Trog.
             Slain by a troll (12 damage)
             ... on level 9 of the Dungeon.
             The game lasted 00:58:19 (12589 turns).

Miant the Fighter (Mottled Draconian Berserker)    Turns: 12589, Time: 00:58:19

Health: -1/101     AC:  8    Str: 23    XL:     10   Next: 75%
Magic:  10/10      EV: 12    Int:  8    God:    Trog [****..]
Gold:   145        SH:  0    Dex: 10    Spells: 0 memorised, 9 levels left

rFire  x x .     SeeInvis .     N - +0 battleaxe
rCold  + + +     Gourm    .     (armour unavailable)
rNeg   . . .     Faith    .     (shield currently unavailable)
rPois  .         Spirit   .     (helmet restricted)
rElec  .         Reflect  .     v - +0 cloak
rCorr  .         Harm     .     (no gloves)
MR     .....     Clarity  +     (no boots)
Stlth  +++.......               (no amulet)
                                H - ring of ice
                                w - ring of ice

@: starving
A: breathe sticky flame splash, unfitting armour, horns 1, clarity, cold
resistance 1, cold-blooded, AC +7
a: Breathe Sticky Flame, Berserk, Trog's Hand, Brothers in Arms, Burn
Spellbooks, Renounce Religion


You were on level 9 of the Dungeon.
You worshipped Trog.
Trog was greatly pleased with you.
You were starving.

You visited 1 branch of the dungeon, and saw 9 of its levels.

You collected 385 gold pieces.
You spent 240 gold pieces at shops.

Inventory:

Hand Weapons
 r - a +4 hand axe of freezing
 s - a +3 quarterstaff of chaos
 N - a +0 battleaxe (weapon)
Missiles
 m - 7 steel javelins (quivered)
 u - 2 throwing nets
 L - 4 steel tomahawks
Armour
 k - the +0 Maxwell's etheric cage {RegenMP+ *Contam rElec MP+4}
   (You found it on level 4 of the Dungeon)

   It insulates you from electricity.
   It affects your magic capacity (+4).
   It causes magical contamination when unequipped.
 v - a +0 cloak (worn)
Jewellery
 w - a ring of ice (left hand)
 H - a ring of ice (right hand)
Wands
 A - a wand of teleportation (3/9)
 F - a wand of acid (0/15)
 I - a wand of lightning (0/15)
 P - a wand of iceblast (9/15)
Scrolls
 a - a scroll of enchant armour {unknown}
 c - a scroll of noise {unknown}
 d - a scroll of blinking {unknown}
 e - 8 scrolls of remove curse {unknown}
 g - 2 scrolls of enchant weapon {unknown}
 j - a scroll of magic mapping {unknown}
 l - 2 scrolls of amnesia {unknown}
 n - 6 scrolls of identify {unknown}
 p - 3 scrolls of random uselessness {unknown}
 x - a scroll of recharging {unknown}
 y - a scroll of fear {unknown}
 C - a scroll of fog {unknown}
 D - a scroll of holy word {unknown}
 G - 3 scrolls of teleportation {unknown}
Potions
 i - 2 potions of curing
 o - a potion of cure mutation
 t - a potion of berserk rage {unknown}
 z - 2 potions of flight {unknown}
 B - 2 potions of resistance
 E - a potion of haste {unknown}
 K - a potion of ambrosia {unknown}
Comestibles
 b - 8 bread rations
 f - 9 beef jerkies
 h - 3 fruits
 J - 2 meat rations
 O - a royal jelly


   Skills:
 + Level 13.5 Fighting
 + Level 6.3 Axes
 + Level 4.2 Throwing
 - Level 2.6 Dodging
 + Level 7.3 Stealth
   Level 2.0 Shields
 - Level 1.0 Evocations


You had 9 spell levels left.
You didn't know any spells.

Dungeon Overview and Level Annotations

Branches:
Dungeon (9/15)             Temple (0/1) D:4
   Lair: D:8-11         Orc: D:9-12

Altars:
Ashenzari
Hepliaklqana
Qazlal
Sif Muna
Uskayaw
Xom
Yredelemnul
The Shining One

Shops:
D:5 (   D:8 !

Annotations:
D:6 Prince Ribbit


Innate Abilities, Weirdness & Mutations

You can spit globs of burning liquid.
You can ignite nearby creatures when you spit burning liquid.
Your weird mottled scales are hard. (AC +7)
You cannot fit into any form of body armour.
You are cold-blooded and may be slowed by cold attacks.
You have a pair of small horns on your head.
You possess an exceptional clarity of mind.
Your flesh is cold resistant. (rC+)


Message History

The troll claws you!
* * * LOW HITPOINT WARNING * * *
The troll claws you.
* * * LOW HITPOINT WARNING * * *
You feel much better. The troll bites you. The troll claws you.
The troll completely misses you.
You closely miss the troll.
The troll is severely wounded.
The troll closely misses you. x2; The troll claws you!
* * * LOW HITPOINT WARNING * * *
You barely miss the troll. Your headbutt misses the troll.
The troll is severely wounded.
The troll bites you.
* * * LOW HITPOINT WARNING * * *
The troll claws you.
* * * LOW HITPOINT WARNING * * *
The troll closely misses you. The troll bites you!
* * * LOW HITPOINT WARNING * * *
The troll claws you but does no damage. The troll claws you!
You die...

# #...###.....###.......#
######..##.........##......#
........#..⌠.....⌠..#......#
........#.....8.....######.#
........##._.###._.##....#.#
.........#####.#####'....#.#
........## ##..[..#....#.#
.#####..# #.....####'#.# .# #..#
#.@(.........# .# #..#
#..T.........# .# #..#
#...........##
.#####..#######...........#
..........................#
#####........######.......#
....##......##....##......#
.....##....##......##.....#######
.##...#....#...##...#...........#


You could see a troll.

Vanquished Creatures
  2 manticores
  2 centaur skeletons
  Grinder (D:6)
  A hornet (D:6)
  3 hippogriffs
  A wyvern (D:9)
  Edmund (D:5)
  A soldier ant (D:9)
  2 ice beasts
  4 orc warriors
  A sky beast (D:6)
  An eye of draining (D:6)
  A black bear (D:8)
  4 phantoms
  6 ogres
  2 centaurs
  A crocodile (D:9)
  4 bullfrogs
  3 scorpions
  4 killer bees (D:8)
  4 wights (D:7)
  3 howler monkeys
  2 crimson imps
  2 quasits
  8 hounds
  A bullfrog skeleton (D:9)
  5 orc priests
  A jelly (D:6)
  Crazy Yiuf (D:4)
  3 iguanas (D:5)
  3 worker ants
  9 orc wizards
  2 hound skeletons
  2 worker ant zombies (D:9)
  3 gnolls (D:4)
  15 adders
  2 adder skeletons
  4 dart slugs
  6 leopard geckos
  36 orcs
  3 ball pythons
  7 bats
  9 giant cockroaches
  7 goblins
  12 hobgoblins
  14 jackals
  6 quokkas
  7 frilled lizards
  A jackal skeleton (D:6)
  10 kobolds
  A quokka zombie (D:5)
  5 rats
239 creatures vanquished.

Vanquished Creatures (others)
  An adder skeleton (D:9)
1 creature vanquished.

Grand Total: 240 creatures vanquished

Notes
Turn   | Place    | Note
-------+----------+-------------------------------------------
     0 | D:1      | Miant the Draconian Berserker began the quest for the Orb.
     0 | D:1      | Reached XP level 1. HP: 19/19 MP: 1/1
   512 | D:1      | Reached XP level 2. HP: 27/27 MP: 2/2
   818 | D:1      | Reached skill level 4 in Fighting
  1164 | D:2      | Reached XP level 3. HP: 31/33 MP: 3/3
  1381 | D:2      | Reached ** piety under Trog
  1454 | D:2      | Reached XP level 4. HP: 41/41 MP: 4/4
  2148 | D:3      | Reached skill level 5 in Fighting
  2148 | D:3      | Reached XP level 5. HP: 46/48 MP: 5/5
  2394 | D:3      | Reached *** piety under Trog
  2399 | D:3      | Reached skill level 5 in Axes
  2908 | D:4      | Found a shattered altar of Ashenzari.
  2921 | D:4      | Reached XP level 6. HP: 46/56 MP: 6/6
  3195 | D:4      | Found a staircase to the Ecumenical Temple.
  3780 | D:4      | Reached skill level 1 in Stealth
  3793 | D:4      | Your scales start taking on a weird mottled colour.
  3793 | D:4      | Reached XP level 7. HP: 41/62 MP: 7/7
  3798 | D:4      | Reached skill level 6 in Fighting
  4644 | D:4      | Found a deep blue altar of Sif Muna.
  4763 | D:4      | Found a runed door.
  4767 | D:4      | Noticed Crazy Yiuf
  4772 | D:4      | Killed Crazy Yiuf
  4887 | D:5      | Entered Level 5 of the Dungeon
  5220 | D:5      | Reached skill level 7 in Fighting
  5282 | D:5      | Found a basalt altar of Yredelemnul.
  5284 | D:5      | Noticed a profane servitor
  5468 | D:5      | Noticed Edmund
  5485 | D:5      | Killed Edmund
  5511 | D:5      | Found Gishad's Weapon Emporium.
  5523 | D:5      | Reached skill level 8 in Fighting
  5523 | D:5      | Reached XP level 8. HP: 64/74 MP: 8/8
  5851 | D:5      | Reached **** piety under Trog
  5851 | D:5      | Received a gift from Trog
  6094 | D:5      | Found a glowing golden altar of the Shining One.
  6096 | D:5      | Noticed an angel
  6249 | D:5      | Reached skill level 9 in Fighting
  6454 | D:6      | Reached skill level 1 in Throwing
  6538 | D:6      | Noticed Grinder
  6562 | D:6      | Paralysed by Grinder for 5 turns
  6569 | D:6      | Killed Grinder
  6921 | D:6      | Reached skill level 10 in Fighting
  6995 | D:6      | Noticed a hornet
  7002 | D:6      | Noticed Prince Ribbit
  7006 | D:6      | Killed a hornet
  7006 | D:6      | Reached XP level 9. HP: 85/85 MP: 9/9
  7457 | D:6      | Reached skill level 5 in Stealth
  7582 | D:6      | Found a hide-covered altar of Uskayaw.
  8065 | D:7      | Reached skill level 11 in Fighting
  8969 | D:8      | Received a gift from Trog
  9159 | D:8      | Found Perydusm's Distillery.
  9162 | D:8      | Bought a potion of degeneration for 13 gold pieces
  9162 | D:8      | Bought a potion of heal wounds for 65 gold pieces
  9162 | D:8      | Bought a potion of resistance for 130 gold pieces
  9162 | D:8      | Bought a potion of mutation for 32 gold pieces
  9166 | D:8      | Gained mutation: You have a pair of small horns on your head. [potion of mutation]
  9166 | D:8      | Gained mutation: Your flesh is cold resistant. (rC+) [potion of mutation]
  9166 | D:8      | Gained mutation: You possess an exceptional clarity of mind. [potion of mutation]
  9297 | D:8      | Reached skill level 12 in Fighting
  9457 | D:8      | Found a hazy altar of Hepliaklqana.
  9596 | D:8      | Noticed a manticore
  9605 | D:8      | Killed a manticore
  9605 | D:8      | Reached XP level 10. HP: 99/99 MP: 10/10
 10836 | D:9      | Reached skill level 1 in Evocations
 11075 | D:9      | Received a gift from Trog
 11319 | D:9      | Reached skill level 13 in Fighting
 11319 | D:9      | Reached skill level 1 in Shields
 12059 | D:9      | Received a gift from Trog
 12164 | D:9      | Found a shimmering altar of Xom.
 12165 | D:9      | Found a stormy altar of Qazlal.
 12331 | D:9      | Noticed a manticore
 12341 | D:9      | Killed a manticore
 12589 | D:9      | Slain by a troll

Skill      XL: |  1  2  3  4  5  6  7  8  9 10 |
---------------+-------------------------------+-----
Fighting       | 4 5 8 10 12 13 | 13.5
Axes           | 4 5 6 |  6.3
Stealth        | 1 2 4 6 7 |  7.3
Throwing       | 1 3 4 |  4.2
Evocations     | 1 |  1.0
Shields        | 2 |  2.0
Dodging        | |  2.6

Action                   |  1- 3 |  4- 6 |  7- 9 | 10-12 || total
-------------------------+-------+-------+-------+-------++-------
Melee: Hand axe          |    97 |   211 |   434 |   159 ||   901
       Tailslap          |    12 |    33 |    69 |    32 ||   146
       Headbutt          |       |       |     8 |    26 ||    34
       Battleaxe         |       |       |       |    12 ||    12
       War axe           |       |       |       |     8 ||     8
Throw: Javelin           |       |       |    17 |     9 ||    26
Invok: Berserk           |     5 |     4 |     7 |     4 ||    20
       Burn Spellbooks   |       |     2 |     1 |     1 ||     4
 Abil: Breathe Sticky Fl |       |       |     8 |       ||     8
Evoke: Wand              |       |       |       |     7 ||     7
  Use: Potion            |       |       |     4 |     4 ||     8
 Stab: Sleeping          |     1 |       |     5 |     1 ||     7
  Eat: Chunk             |     7 |    10 |    16 |    11 ||    44
       Pizza             |       |       |     1 |       ||     1
       Meat ration       |       |       |     2 |       ||     2
Armor: Skin              |    29 |    59 |   122 |    57 ||   267
Dodge: Dodged            |    73 |   123 |   212 |   128 ||   536
Block: Shield            |       |       |       |    20 ||    20
